AoeStats
← Vinago

Nomad

510924121Analyzed
4v4 RM · 14h ago on Oct 3, 2026· 30m 9s· 8 players
Game mode
Random Map
Map size
231×231
Population
200
Speed
Normal
Resources
Standard
Victory
Conquest
Starting age
Dark Age
Ending age
Imperial Age
RankedLock teamsTeams togetherTeam positionsShared explorationLock speedFull tech treeHidden civsTurbo modeCheats
Victory
Defeat
🇦🇷 Portuguese · Argentina
1229
+16
🇦🇷 Varangians · Argentina
1227
+16
🇦🇷 Italians · Argentina
1221
+16
🇺🇸 Malay · United States
1215
+17
🇺🇸 Poles · United States
1267
-18
🇨🇳 Japanese · China
1229
-16
🇨🇳 Varangians · China
1215
-16
🇨🇳 Italians · China
1202
-15
Fettig15
14:31 Feudal Age
13:03 Loom
18:59 Castle Age
16:50 Double-Bit Axe
Vinago
5:56 Loom
14:18 Feudal Age
24:21 Castle Age
23:47 Double-Bit Axe
23:54 Gold Mining
25:10 Fishing Lines
25:48 Fletching
juanag86
3:58 Loom
12:43 Feudal Age
13:25 Double-Bit Axe
18:16 Castle Age
16:15 Fletching
17:39 Gold Mining
18:51 Crossbowman
20:30 Thumb Ring
22:01 Town Watch
25:10 Bodkin Arrow
25:15 Padded Archer Armor
28:13 Ballistics
elmariscal
5:08 Loom
14:02 Feudal Age
14:33 Double-Bit Axe
20:27 Castle Age
18:52 Forging
18:48 Scale Barding Armor
20:27 Fishing Lines
21:04 Bloodlines
21:10 Husbandry
25:35 Iron Casting
29:31 Imperial Age
28:43 Chain Barding Armor
30:54 Wheelbarrow
twitch.tv/WatzTheDeal
11:32 Loom
13:59 Feudal Age
14:30 Double-Bit Axe
20:22 Castle Age
吸尽瓶~~
3:16 Loom
15:05 Feudal Age
16:17 Double-Bit Axe
20:52 Castle Age
18:57 Fishing Lines
20:01 Forging
19:51 Scale Mail Armor
19:14 Man-at-Arms
20:38 Gold Mining
21:07 Long Swordsman
22:07 Gillnets
23:10 Stone Mining
炮炮崽
7:53 Loom
14:39 Feudal Age
16:46 Double-Bit Axe
19:33 Castle Age
18:31 Fishing Lines
19:06 Town Watch
20:40 Scale Barding Armor
20:37 Husbandry
20:48 Bloodlines
23:05 Gold Mining
29:03 Forging
30:30 Iron Casting
wuming
3:24 Loom
13:52 Feudal Age
15:24 Wheelbarrow
15:59 Fishing Lines
16:11 Double-Bit Axe
19:11 Castle Age
17:33 Gold Mining
17:36 Town Watch
18:09 Forging
20:09 Medium Warships
22:11 Bow Saw
23:54 Iron Casting
23:35 Hand Cart
23:49 Scale Mail Armor
25:28 Squires
25:13 Arson
25:39 Gillnets
27:52 Fletching
Connection lost

Rejoining the realm…

Still unreachable

The connection could not be restored.

Session expired

The server has moved on; the page needs a fresh start.